 Dungeon Crawl Stone Soup version 0.28.0-53-g5a82cb258f (webtiles) character file.

Game seed: 10705461870887738897

34 Peloso the Covered (level 3, 0/33 HPs)
             Began as a Minotaur Fighter on July 3, 2022.
             Killed from afar by Sigmund (9 damage)
             ... with a puff of flame
             ... on level 2 of the Dungeon.
             The game lasted 00:05:56 (962 turns).

Peloso the Covered (Minotaur Fighter)                Turns: 962, Time: 00:05:56

Health: 0/33       AC:  8    Str: 20    XL:     3   Next: 14%
Magic:  2/2        EV:  9    Int:  5    God:
Gold:   37         SH:  4    Dex: 11    Spells: 2/2 levels left

rFire   . . .      SeeInvis .   a - +0 long sword
rCold   . . .      Faith    .   c - +0 buckler
rNeg    . . .      Spirit   .   b - +0 scale mail
rPois   +          Reflect  .   (helmet restricted)
rElec   .          Harm     .   (no cloak)
rCorr   .          Rampage  .   (no gloves)
Will    .....                   g - +0 pair of boots
Stlth   ..........              (no amulet)
HPRegen 0.11/turn               e - ring of poison resistance
MPRegen 0.08/turn               (no ring)

@: no status effects
A: horns 2, retaliatory headbutt
a: no special abilities


You were on level 2 of the Dungeon.
You visited 1 branch of the dungeon, and saw 2 of its levels.

You collected 37 gold pieces.

Inventory:

Hand Weapons
 a - a +0 long sword (weapon)
Armour
 b - a +0 scale mail (worn)
 c - a +0 buckler (worn)
 g - a +0 pair of boots (worn)
Jewellery
 e - a ring of poison resistance (left hand)
Scrolls
 f - 2 scrolls of teleportation {unknown}
 h - a scroll of identify {unknown}
 i - a scroll of vulnerability {unknown}
Potions
 d - a potion of might
 j - a potion of curing {unknown}


   Skills:
 + Level 4.0 Fighting
 + Level 2.8 Long Blades
 + Level 4.4 Armour
 + Level 3.9 Shields


You had 2 spell levels left.
You didn't know any spells.
Your spell library was empty.

Dungeon Overview and Level Annotations

Branches:
Dungeon (2/15)

Altars:

Annotations:
D:2 Sigmund


Innate Abilities, Weirdness & Mutations

You have a pair of horns on your head.
You reflexively headbutt those who attack you in melee.


Message History

Found Plato's Incunabulum of Stones.
Found a faded altar of an unknown god.
The hobgoblin shouts!
The kobold throws a stone.
The stone hits you.
There is a web here.
You disentangle yourself.
You barely miss the kobold. You headbutt the kobold.
You kill the kobold!
A hobgoblin comes into view.
Sigmund points at you and mumbles some strange words.
You resist with significant effort.
Unknown command.
Sigmund points at you and mumbles some strange words.
The magic dart hits you but does no damage.
You hit the hobgoblin.
You kill the hobgoblin!
You block Sigmund's attack. You block Sigmund's attack.
Sigmund mumbles some strange words.
Sigmund flickers and vanishes!
Deactivating autopickup; reactivate with Ctrl-A.
Things that are here:
3 gold pieces; a hobgoblin corpse You miss something.
You hear some strange, mumbled words.
A magic dart appears from out of thin air!
The magic dart hits you.
You barely miss something. Something hits you!
You barely miss something.
The hobgoblin shouts!
You hear a shout!
You block something's attack.
You miss something. Something hits you!
You slash something! You block something's attack.
You closely miss something. You slash something!
Your headbutt misses something. Something hits you.
* * * LOW HITPOINT WARNING * * *
You miss something. Your headbutt misses something.
You hear some strange, mumbled words.
A puff of flame appears from out of thin air!
The puff of flame hits you!
You die...

#.......... ..
######.......... .. ##
.............#.# .# ##..
...###.......... .## ....
##)# #.....##### ..##..###
##.# ##...#.....#........#
.#.###...#P#####.#........
.#...#.P#.#.....#.#......#
.#.###.#.#.#####@#.# ....#
...# #.#.#.#P_.#{#)#......
.### #..^.^^.^..g.^.......
.# #...................#
.# ##...###.............
..# ##.# #....##........
#..# #) ...... ..#######
#... ..#####....## ..##
#.#


g You could see a hobgoblin.

Vanquished Creatures
  A dart slug (D:1)
  2 ball pythons (D:1)
  A bat (D:1)
  3 endoplasms (D:1)
  2 giant cockroaches (D:1)
  A goblin (D:1)
  4 hobgoblins
  4 jackals (D:1)
  4 kobolds
  2 frilled lizards (D:1)
  2 rats (D:1)
26 creatures vanquished.

Vanquished Creatures (others)
  A fungus (D:2)
  2 plants
3 creatures vanquished.

Grand Total: 29 creatures vanquished

Notes
Turn   | Place    | Note
-------+----------+-------------------------------------------
     0 | D:1      | Peloso the Minotaur Fighter began the quest for the Orb.
     0 | D:1      | Reached XP level 1. HP: 19/19 MP: 0/0
   149 | D:1      | Reached XP level 2. HP: 25/27 MP: 1/1
   595 | D:1      | Reached XP level 3. HP: 27/33 MP: 2/2
   941 | D:2      | Noticed Sigmund
   942 | D:2      | Found a faded altar of an unknown god.
   962 | D:2      | Killed from afar by Sigmund

Illustrated notes

Levels and vault maps discovered:
D:1:      dpeg_arrival_simpleton_c, layout_loops_ring, serial_forest,
          infiniplex_forest_clump_large, infiniplex_forest_lined_room_2,
          infiniplex_forest_clump_small, infiniplex_forest_lined_room_
D:2:      layout_rooms, shapermc_ecumenical_altar_rom_forum, uniq_jessica,
          uniq_sigmund, uniq_robin

Skill      XL: |  1  2  3 |
---------------+----------+-----
Armour         | 4 |  4.4
Fighting       | 4 |  4.0
Long Blades    | |  2.8
Shields        | |  3.9

Action                   || total
-------------------------++-------
Melee: Long sword        ||    62
       Headbutt          ||     6
Armor: Scale mail        ||    24
Dodge: Dodged            ||    16
Block: Buckler           ||    15
